 Dungeon Sprint DCSS version 0.32-a0-629-g87aaac5c70 (webtiles) character file.

Game seed: 596561827813234934

7 Revguard the Trooper (level 2, -9/26 HPs)
             Began as a Coglin Berserker on Mar 6, 2024.
             Was a Follower of Trog.
             Killed from afar by Tuenk the pandemonium lord (35 damage)
             ... with an arc of chain lightning
             ... in the Dungeon (Sprint V: "Ziggurat Sprint").
             The game lasted 00:00:53 (65 turns).

Revguard the Trooper (Coglin Berserker)               Turns: 65, Time: 00:00:54

Health: -9/26      AC: 26    Str: 17    XL:     2   Next: 0%
Magic:  2/2        EV:  6    Int:  6    God:    Trog [*.....]
Gold:   0          SH:  0    Dex: 13    Spells: 1/1 levels left

rFire   . . .        t - +16 obsidian axe {drain, demonic, Mesm ^Drain Fly SInv}
rCold   . . .        u - +5 broad axe {Bozidara}
rNeg    . . .        s - +15 Maxwell's patent armour {-Cast -Tele rElec Will+ rCorr}
rPois   .            (no helmet)
rElec   +            (no cloak)
rCorr   +            (no gloves)
SInv    +            (no boots)
Will    +....        (amulet unavailable) Stlth
                     (ring unavailable)
HPRegen 0.24/turn    (ring unavailable)
MPRegen 0.08/turn    (no gizmo)

%: no teleportation, no spellcasting
@: mighty, flying, mesmerised
A: off-hand wielding, slow wielding, warmup strikes, no jewellery
a: Invent Gizmo, Renounce Religion, Berserk


You were in the Dungeon.
You worshipped Trog.
Trog was aware of your devotion.
You visited 1 branch

Inventory:

Hand Weapons
 a - a +0 hand axe {Vicente}
 c - a +0 dagger {Yejun}
 t - the +16 obsidian axe (weapon) {drain, demonic, Mesm ^Drain Fly SInv}
   (You found it in the Dungeon)

   Mesm:      Its wielder is mesmerised by any visible foes, and it cannot be
   unequipped while any foes are visible.
   SInv:      It lets you see invisible.
   Fly:       It grants you flight.
   ^Drain:    It drains your maximum health when unequipped.
 u - a +5 broad axe (offhand) {Bozidara}
Armour
 b - a +0 animal skin
 s - the +15 Maxwell's patent armour (worn) {-Cast -Tele rElec Will+ rCorr}
   (You found it in the Dungeon)

   rElec:     It insulates you from electricity.
   Will+:     It increases your willpower.
   -Cast:     It prevents spellcasting.
   -Tele:     It prevents most forms of teleportation.
   rCorr:     It protects you from acid and corrosion.
Wands
 q - a wand of mindburst (7)
 r - a wand of quicksilver (7)
Scrolls
 i - 4 scrolls of blinking
 n - 7 scrolls of fog
 o - 5 scrolls of identify
 p - 2 scrolls of fear
Potions
 d - 10 potions of curing
 e - 10 potions of heal wounds
 f - 6 potions of haste
 g - 7 potions of magic
 h - 3 potions of berserk rage
 j - 2 potions of invisibility
 k - 4 potions of resistance
 m - 4 potions of might


   Skills:
 + Level 4.9 Fighting
 + Level 4.9 Axes
 + Level 3.1 Armour
 + Level 3.1 Dodging
 + Level 3.3 Evocations


You had one spell level left.
You didn't know any spells.
Your spell library was empty.

Dungeon Overview and Level Annotations

Branches:
Dungeon (1/1)

Altars:
Ashenzari
Cheibriados
Dithmenos
Elyvilon
Fedhas
Gozag
Hepliaklqana
Kikubaaqudgha
Makhleb
Nemelex Xobeh
Okawaru
Qazlal
Ru
Sif Muna
Trog
Uskayaw
Vehumet
Wu Jian
Xom
Yredelemnul
Zin
The Shining One
Beogh
Jiyva
Lugonu

Annotations:
D 1 transporter


Innate Abilities, Weirdness & Mutations

You can wield a second weapon in your off-hand.
It takes a long time for you to wield or remove held weapons.
Your first few attacks do less damage.
You cannot equip rings or amulets.


Message History

You're wielding all the weapons you can.
Replace which one? (? for menu, Esc to cancel) < or
t - the +16 obsidian axe {drain, demonic, Mesm ^Drain Fly SInv}; > or
c - a +0 dagger {Yejun} You start parting from your weapon.
You continue parting from your +0 dagger {Yejun}. x4
You whisper farewell to Yejun.
You finish parting from your +0 dagger {Yejun}.
You start attuning to your weapon.
You continue attuning to your +5 broad axe. x5
You finish attuning to your +5 broad axe.
You welcome your +5 broad axe "Bozidara" into your grasp.
You feel more experienced!
Your Fighting skill increases to level 4!
Your Axes skill increases to level 4!
Your Armour skill gained 2 levels and is now at level 3!
Your Dodging skill gained 2 levels and is now at level 3!
Your Evocations skill gained 3 levels and is now at level 3!
You have reached level 2!
There is a transporter here.
Welcome to arena 1.
You enter the transporter and appear at another place.
A Tuenk and a shadow imp come into view.
Visions of slaying Tuenk flood into your mind.
Tuenk roars, "Thy heart shall be my meal!"
The shadow imp shouts!
Found a +4 short sword of speed and Sif Muna's Textbook on the Effulgent Grave.
Found a transporter.
Okay, then.
You feel very mighty all of a sudden. Tuenk gestures at you.
You resist with significant effort.
Tuenk gestures.
Lightning arcs from Tuenk's claws!
The bolt of lightning hits the shadow imp!!!
The shadow imp dies!
A bolt of lightning appears from out of thin air!
The bolt of lightning hits Tuenk.
Tuenk resists.
The bolt of lightning hits you!! You resist.
Ouch! That really hurt!
You die...

▓▓▓▓▓▓▓
▓.ß©ß.▓
▓.....▓
▓.:.).▓
▓..&..▓
▓.....▓
▓..@..▓
▓▓▓▓▓▓▓


You could see Tuenk (mesmerising).

Vanquished Creatures (others)
  A shadow imp (D)
1 creature vanquished.

Notes
Turn   | Place    | Note
-------+----------+-------------------------------------------
     0 | D        | Revguard the Coglin Berserker began the quest for the Orb.
     0 | D        | Reached XP level 1. HP: 18/18 MP: 1/1
     0 | D        | Found a blossoming altar of Fedhas.
     0 | D        | Found the +6 Majin-Bo {spellvamp, MP+6 Int+6}
     0 | D        | Found the +27 heavy crossbow "Sniper" {heavy, Acc+∞ SInv}
     0 | D        | Found the +10 dark maul {heavy}
     0 | D        | Found the +15 Maxwell's patent armour {-Cast -Tele rElec
                  | Will+ rCorr}
     0 | D        | Found the +18 shield of the Gong {Loud rN+ Will+ rCorr
                  | EV-5}
     0 | D        | Found the +16 obsidian axe {drain, demonic, Mesm ^Drain Fly
                  | SInv}
     0 | D        | Found the +7 great mace "Firestarter" {flame, immolate,
                  | rFlCloud rF++}
     0 | D        | Found the +6 shillelagh "Devastator" {shatter}
     0 | D        | Found the +11 plutonium sword {^Contam Stlth-}
     0 | D        | Found the +8 lance "Wyrmbane" {slay drac, rPois rF+ rC+
                  | AC+3}
     0 | D        | Found the +9 sword of Zonguldrok {reap}
     0 | D        | Found the +13 scythe of Curses {drain, curses, ^Drain}
     0 | D        | Found the +9 sword of Power {lifebolt}
     0 | D        | Found the +7 mace of Variability {chaos, chaos arc}
     0 | D        | Found the +11 Singing Sword {sonic wave}
     0 | D        | Found the +8 storm bow {elec, penet}
     1 | D        | Found a shimmering blue altar of Sif Muna.
     1 | D        | Found a sacrificial altar of Ru.
     1 | D        | Found a bloodstained altar of Trog.
     1 | D        | Found a stormy altar of Qazlal.
     1 | D        | Found an iron altar of Okawaru.
     1 | D        | Found a sparkling altar of Nemelex Xobeh.
     3 | D        | Found a transporter.
     3 | D        | Found an ancient bone altar of Kikubaaqudgha.
     3 | D        | Found a viscous altar of Jiyva.
     3 | D        | Found a corrupted altar of Lugonu.
     3 | D        | Found a hazy altar of Hepliaklqana.
     3 | D        | Found a burning altar of Makhleb.
     3 | D        | Found an opulent altar of Gozag.
    57 | D        | Reached XP level 2. HP: 26/26 MP: 2/2
    64 | D        | Entered arena 2.
    64 | D        | Noticed Tuenk the pandemonium lord
    64 | D        | Found a transporter.
    65 | D        | Killed from afar by Tuenk the pandemonium lord

Illustrated notes

Levels and vault maps discovered:
D:        sprint_v [room_start, room_1, room_2, room_3, room_4, room_5, room_6,
          room_7, room_8, room_9, room_10, room_11, room_12, room_13, room_14,
          room_15, room_16, room_17, room_18, room_19, room_20, room_21,
          room_22, room_23, room_24, room_25, room_26, room_27]

Skill      XL: |  1 |
---------------+----+-----
Fighting       | 4 |  4.9
Axes           | 4 |  4.9
Armour         | 3 |  3.1
Dodging        | 3 |  3.1
Evocations     | 3 |  3.3

Action                     || total
---------------------------++-------
    Use: Potion            ||     2
 Armour: Plate armour      ||     1

Table legend: (Time is in decaauts)
 A = Elapsed time spent in this place.
 B = Non-inter-level travel time spent in this place.
 C = Inter-level travel time spent in this place.
 D = Time resting spent in this place.
 E = Time spent auto-exploring this place.
 F = Levels seen in this place.
 G = Mean time per level.
                   A        B        C        D        E       F      G
               +--------+--------+--------+--------+--------+-----+--------+
         Total |     65 |     65 |      0 |      0 |      0 |   1 |   65.0 |
       Dungeon |     65 |     65 |      0 |      0 |      0 |   1 |   65.0 |
               +--------+--------+--------+--------+--------+-----+--------+

Top non-repeatable levels by time:
       D: 65 daAuts
